[Event "Early-Titled-Tuesday-Blitz-April-02-2024"]
[Site "Chess.com"]
[Date "2024.04.02"]
[Round "6"]
[White "ragnaroek66"]
[Black "Ginger_GM"]
[Result "0-1"]
[WhiteElo "2501"]
[BlackElo "2632"]
[TimeControl "180+1"]
[EndTime "9:06:56 PDT"]
[Termination "Ginger_GM won by resignation"]

1. d4 e6 2. c4 f5 3. Nf3 Nf6 4. Nc3 Be7 5. g3 O-O 6. Bg2 d6 7. O-O Ne4 8. Qc2 Nxc3 9. Qxc3 a5 10. Rd1 Bf6 11. Qc2 Nc6 12. e4 Qe8 13. exf5 exf5 14. d5 Nb4 15. Qd2 Qh5 16. a3 Na6 17.
Nd4 Nc5 18. Qc2 Bd7 19. Bf3 Qh3 20. Bg2 Qh5 21. Bf3 Qg6 22. Nb5 Bxb5 23. cxb5 a4 24. Be3 Nb3 25. Rab1 Rae8 26. Qxc7 f4 27. Bxf4 Bd4 28. Kh1 Nd2 29. Rxd2 Qxb1+ 30. Kg2 Be5 31. Bxe5 dxe5 32. d6 e4 33. Qc4+ Kh8 34. Bxe4 Qe1 35.
Re2 Qd1 36. Bd3 Rxe2 37. Bxe2 Qxd6 38. Bf3 b6 39. Qc6 Qd4 40. Qe4 Qxe4 41. Bxe4 Rd8 42. Bc2 Rd2 43. Bxa4 Rxb2 44. Kf3 Ra2 45. Ke3 Rxa3+ 0-1

[Event "Early-Titled-Tuesday-Blitz-April-02-2024"]
[Site "Chess.com"]
[Date "2024.04.02"]
[Round "6"]
[White "guillembaches"]
[Black "VeraVujovic"]
[Result "1-0"]
[WhiteElo "2558"]
[BlackElo "2234"]
[TimeControl "180+1"]
[EndTime "9:06:57 PDT"]
[Termination "guillembaches won by checkmate"]

1. e4 e5 2. Nf3 Nc6 3. Nc3 Nf6 4. d4 exd4 5. Nxd4 Bc5 6. Nxc6 bxc6 7. Bd3 d5 8. O-O O-O 9. Bg5 h6 10. Bh4 Be7 11.
Qf3 Bg4 12. Qg3 Bh5 13. e5 Ne4 14. Bxe7 Nxg3 15. Bxd8 Nxf1 16. Bxc7 Nd2 17. f4 Rfe8 18. h3 f6 19. Re1 fxe5 20. Bxe5 Bf7 21. Na4 Nc4 22.
Bxc4 dxc4 23. Nc5 Rab8 24. Re3 Rb5 25. Na4 Bg6 26. Rg3 Re6 27. b3 cxb3 28. cxb3 Rd5 29. Nc3 Rd2 30. h4 h5 31. Rg5 Kh7 32. Na4 Rxa2 33. Nc5 Re8 34. f5 Rxe5 35. fxg6+ Kh6 36. Rxe5 Kxg6 37. Re3 Rc2 38. Ne4 Rc1+ 39. Kf2 Kf5 40. Ng3+ Kg6 41. Kf3 Rc2 42. Rd3 Kh6 43. Ne4 g6 44. g3 Rc1 45. Rd7 Rc2 46. Ng5 Rb2 47. Rh7# 1-0

[Event "Early-Titled-Tuesday-Blitz-April-02-2024"]
[Site "Chess.com"]
[Date "2024.04.02"]
[Round "6"]
[White "MatthewG-p4p"]
[Black "NovakRatko"]
[Result "1-0"]
[WhiteElo "2859"]
[BlackElo "2446"]
[TimeControl "180+1"]
[EndTime "9:06:57 PDT"]
[Termination "MatthewG-p4p won by resignation"]

1. f4 d5 2. Nf3 c5 3. g3 Nc6 4. Bg2 f6 5. d3 e5 6. Nc3 Be6 7. O-O Bd6 8. e4 d4 9. Ne2 Nge7 10. c3 dxc3 11. bxc3 O-O 12. Be3 Qa5 13. f5 Bf7 14.
g4 Rad8 15. g5 Bc7 16. gxf6 gxf6 17. Bh6 Rfe8 18. Qe1 Kh8 19. Qg3 Rg8 20. Qh4 Rd6 21.
d4 cxd4 22. cxd4 Bc4 23. Rf2 Bb6 24. Be3 Bxe2 25. Rxe2 exd4 26. Bf2 d3 27. Rd2 Ne5 28. Nxe5 Rxg2+ 29. Kxg2 Qxd2 30. Ng4 Qg5 31. Qxg5 fxg5 32. Bg3 Rd4 33. Rd1 Rxe4 34. Be5+ Kg8 35. Nf6+ Kf7 36.
Nxe4 Nxf5 37. Rxd3 Ke6 38. Bb2 h5 39. Nxg5+ 1-0

[Event "Early-Titled-Tuesday-Blitz-April-02-2024"]
[Site "Chess.com"]
[Date "2024.04.02"]
[Round "6"]
[White "Vse_po_kaify"]
[Black "Vesper2018"]
[Result "1-0"]
[WhiteElo "2501"]
[BlackElo "2576"]
[TimeControl "180+1"]
[EndTime "9:06:58 PDT"]
[Termination "Vse_po_kaify won on time"]

1. e4 c5 2. Nf3 d6 3. d4 cxd4 4. Nxd4 Nf6 5. Nc3 a6 6. Be2 e5 7. Nb3 Be7 8. Be3 Be6 9. Qd2 O-O 10. Rd1 Nbd7 11. O-O b5 12. a3 Nb6 13. Qe1 Qc7 14.
f4 Nc4 15. Bc1 Qa7+ 16. Qf2 Qxf2+ 17. Rxf2 Rac8 18. f5 Bd7 19. Nd5 Nxd5 20. exd5 e4 21. Nd4 Bf6 22. c3 Rfe8 23. g4 h6 24. h3 Re5 25.
Bxc4 bxc4 26. Nc2 Ba4 27. Be3 Rb8 28. Rb1 Rxd5 29. Nb4 Ra5 30. Rd2 Be5 31. Kf2 Kf8 32. Bd4 Ke7 33. Ke3 Rc8 34. Kxe4 Rb5 35. Nxa6 Bxd4 36.
Kxd4 Re5 37. Nb4 Kf6 38. Rf1 d5 39. Rf4 Rd8 40. Rdf2 Bb5 41. h4 Re1 42. Kc5 Rc8+ 43. Kxb5 Ke5 44. Rd4 1-0

[Event "Early-Titled-Tuesday-Blitz-April-02-2024"]
[Site "Chess.com"]
[Date "2024.04.02"]
[Round "6"]
[White "ljuks68"]
[Black "aljado"]
[Result "1-0"]
[WhiteElo "2405"]
[BlackElo "2153"]
[TimeControl "180+1"]
[EndTime "9:06:58 PDT"]
[Termination "ljuks68 won on time"]

1. e4 c5 2. Nf3 e6 3. d4 cxd4 4. Nxd4 a6 5. Bd3 Qc7 6. Qe2 Nc6 7. Nxc6 dxc6 8. e5 Ne7 9. Bf4 Ng6 10. Bg3 Qb6 11.
c4 Bb4+ 12. Nd2 Qd4 13. O-O-O Nf4 14. Bxf4 Qxf4 15. g3 Qh6 16. f4 b5 17. Ne4 O-O 18.
c5 Bb7 19. a3 Ba5 20. Ng5 g6 21. h4 Bd8 22. Ne4 Be7 23. h5 g5 24. Qg4 Kh8 25. f5 exf5 26. Qxf5 Bc8 27. Qf2 Be6 28. Nf6 Bxf6 29.
exf6 Rfd8 30. Kb1 a5 31. Be4 Rac8 32. Rd6 b4 33. a4 Bb3 34. Qd4 Re8 35. Bxc6 Re2 36.
Rd8+ Re8 37. Bxe8 1-0

[Event "Early-Titled-Tuesday-Blitz-April-02-2024"]
[Site "Chess.com"]
[Date "2024.04.02"]
[Round "6"]
[White "Kildepiotr"]
[Black "Goffredo_Fofi"]
[Result "1/2-1/2"]
[WhiteElo "2745"]
[BlackElo "2574"]
[TimeControl "180+1"]
[EndTime "9:06:59 PDT"]
[Termination "Game drawn by repetition"]

1. Nf3 g6 2. g3 Bg7 3. d4 b6 4.
Bg2 Bb7 5. O-O Nf6 6. c4 O-O 7. Nc3 Ne4 8. Nxe4 Bxe4 9. Be3 c5 10. Bh3 Bxf3 11. exf3 Nc6 12. dxc5 bxc5 13. Bxc5 Bxb2 14. Rb1 Bf6 15. Qxd7 Qxd7 16. Bxd7 Ne5 17. Rb7 Nxc4 18. f4 Nb6 19. Bg4 Rfb8 20. Rc7 Nd5 21. Rd7 Rd8 22.
Rb7 a5 23. Bf3 Rac8 24. Ba7 Nb4 25. a4 Rd3 26. Be2 Rd2 27. Bb5 Nd5 28. Rd7 e6 29. Bb6 Bc3 30. Be3 Nxe3 31. fxe3 Rxd7 32. Bxd7 Rd8 33.
Bb5 Rd2 34. Rf2 Rxf2 35. Kxf2 Kf8 36. e4 Ke7 37. e5 f6 38. exf6+ Kxf6 39. Ke3 e5 40.
Ke4 exf4 41. Kxf4 Be5+ 42. Ke4 h5 43. Bc4 h4 44. gxh4 Bxh2 45. Be2 Bg3 46. h5 gxh5 47. Bxh5 Be1 48. Bf3 Bb4 49. Be2 Ke7 50. Kd5 Kf6 51.
Bd3 Ke7 52. Be4 Kf6 53. Bd3 Ke7 54. Be4 Kf6 55. Bd3 1/2-1/2

[Event "Early-Titled-Tuesday-Blitz-April-02-2024"]
[Site "Chess.com"]
[Date "2024.04.02"]
[Round "6"]
[White "Der_Balak_3Halak"]
[Black "tactic"]
[Result "1-0"]
[WhiteElo "2429"]
[BlackElo "2600"]
[TimeControl "180+1"]
[EndTime "9:07:00 PDT"]
[Termination "Der_Balak_3Halak won by checkmate"]

1. e4 c5 2. Nf3 Nc6 3. Bb5 g6 4. O-O Bg7 5. c3 Nf6 6. Re1 O-O 7. d4 d5 8. exd5 Nxd5 9. dxc5 Bg4 10. h3 Bxf3 11.
Qxf3 e6 12. Bxc6 bxc6 13. Nd2 Qe7 14. Ne4 e5 15. c4 Nb4 16. Qc3 a5 17. a3 Na6 18.
Qxa5 f5 19. Nd6 e4 20. Rb1 Bd4 21. Be3 Nxc5 22. Qd2 Nb3 23. Qc2 Rfb8 24. c5 Kg7 25. Rbd1 Be5 26. Qc4 Na5 27. Qc1 Rxb2 28. Bd4 Bxd4 29.
Rxd4 Rab8 30. Red1 Nb3 31. Qxb2 Nxd4 32. Qxb8 Nf3+ 33.
gxf3 Qg5+ 34. Kf1 Qh4 35. Qc7+ Kh6 36. Nf7+ Kh5 37. Qg3 Qf6 38. Ne5 f4 39. Qg4+ Kh6 40.
Rd7 g5 41. fxe4 Qxe5 42. Rd6+ Kg7 43. Qd7+ Kf8 44. Qf5+ Qxf5 45. exf5 h5 46. f6 Kf7 47. f3 Kg6 48. Ke2 g4 49. fxg4 hxg4 50. hxg4 Kg5 51. f7 f3+ 52. Kxf3 Kh4 53. f8=Q Kg5 54. Qh6# 1-0

[Event "Early-Titled-Tuesday-Blitz-April-02-2024"]
[Site "Chess.com"]
[Date "2024.04.02"]
[Round "6"]
[White "Navyblue1"]
[Black "Journey_to_GrandMaster_YT"]
[Result "0-1"]
[WhiteElo "2271"]
[BlackElo "2565"]
[TimeControl "180+1"]
[EndTime "9:07:00 PDT"]
[Termination "Journey_to_GrandMaster_YT won on time"]

1. d4 d6 2. c4 e5 3. e3 Nf6 4. Nc3 Be7 5. Bd3 O-O 6. Nge2 c6 7. O-O Re8 8. Qc2 Bf8 9. Rd1 Qc7 10. dxe5 dxe5 11. Bf5 Nbd7 12. b3 g6 13. Bh3 Nc5 14.
Bxc8 Raxc8 15. Bb2 Rcd8 16. Ng3 a5 17. a3 Bg7 18. b4 axb4 19. axb4 Na6 20. Qb3 Bf8 21. b5 Nc5 22. Qc2 Bg7 23. Ba3 Ne6 24. Rab1 Qa5 25. Bb4 Qc7 26. c5 Rxd1+ 27. Rxd1 Rd8 28. b6 Rxd1+ 29. Qxd1 Qd7 30. Qc2 Nd5 31. Nxd5 Qxd5 32. Ne4 Nd8 33. h3 f5 34. Nd6 Bf8 35. e4 fxe4 36.
Nxe4 Be7 37. Kh2 Ne6 38. f3 Nd4 39. Qc3 Qa2 40. Qd2 Qb1 41. Qe1 Qc2 42. Qd2 Qc4 43. Qc3 Qe2 44. Kg3 Nf5+ 45. Kh2 Ne3 46. Qb3+ Kg7 0-1

[Event "Early-Titled-Tuesday-Blitz-April-02-2024"]
[Site "Chess.com"]
[Date "2024.04.02"]
[Round "6"]
[White "Aleksandar-Topalov"]
[Black "ladytitan"]
[Result "0-1"]
[WhiteElo "2327"]
[BlackElo "2292"]
[TimeControl "180+1"]
[EndTime "9:07:02 PDT"]
[Termination "ladytitan won by resignation"]

1. b3 d5 2. Bb2 Nf6 3. Nf3 Bg4 4. g3 Bxf3 5. exf3 c6 6. f4 Nbd7 7. f5 e6 8. fxe6 fxe6 9. Bh3 e5 10. O-O Bd6 11. d3 O-O 12. Nd2 a5 13. a3 Qe8 14. Qe2 Qg6 15. Rae1 Rae8 16. Kg2 Nh5 17. Qg4 Nhf6 18. Qxg6 hxg6 19. Re2 d4 20. Rfe1 Kf7 21.
Nf3 Re7 22. Ng5+ Ke8 23. Ne6 Rh8 24. Bc1 Rxh3 25. Nxg7+ Rxg7 26. Kxh3 Rh7+ 27. Kg2 Kf7 28. f4 exf4 29. Bxf4 Bxf4 30. Re7+ Kf8 31. Rxh7 Nxh7 32. gxf4 Nhf6 33. Kf3 Kf7 34. a4 Nb6 35. Re5 Nbd5 36. h3 b6 37. h4 Nb4 38. Re2 Nfd5 39. Ke4 Nc3+ 40. Kf3 Nxe2 41. Kxe2 Nxc2 42. Kf3 Ne1+ 43. Ke4 c5 44. Kd5 Nxd3 45. Kc6 Nc1 46. Kxb6 d3 47.
Kxc5 d2 0-1

[Event "Early-Titled-Tuesday-Blitz-April-02-2024"]
[Site "Chess.com"]
[Date "2024.04.02"]
[Round "6"]
[White "Dixit_Nikhil"]
[Black "Gabrielian_Artur"]
[Result "1/2-1/2"]
[WhiteElo "2644"]
[BlackElo "2802"]
[TimeControl "180+1"]
[EndTime "9:07:05 PDT"]
[Termination "Game drawn by repetition"]

1. e4 e5 2. Nf3 Nc6 3. Nc3 Nf6 4. d4 exd4 5. Nxd4 Bb4 6. Nxc6 bxc6 7. Bd3 d5 8. exd5 O-O 9. O-O Bg4 10. f3 Bh5 11. Bg5 Bxc3 12. bxc3 cxd5 13. Qd2 Bg6 14. Qf4 c6 15.
Bxf6 Qxf6 16. Qxf6 gxf6 17. Rab1 Rab8 18. Rb3 Rb6 19. Ra3 Re8 20. Rxa7 Bxd3 21. cxd3 Rb2 22. Kh1 Ree2 23. Rg1 Rec2 24. Ra3 h5 25. h4 Kg7 26.
Kh2 c5 27. Kg3 Rxa2 28. Rxa2 Rxa2 29. Rb1 Rc2 30. Rb3 Kg6 31. d4 cxd4 32. cxd4 Rd2 33.
Rb4 Kf5 34. Ra4 Kg6 35. Rb4 f5 36. Kf4 Rxg2 37. Rb6+ f6 38. Rd6 Rh2 39. Kg3 Rd2 40. Rxd5 Rd1 41. Rd7 Rg1+ 42. Kh2 Rd1 43. d5 f4 44. d6 Rd2+ 45. Kg1 Kf5 46. Rh7 Kg6 47. Rd7 Kf5 48. Rd8 Ke6 49. Re8+ Kd7 50. Re4 Kxd6 51. Rxf4 Ke5 52. Re4+ Kf5 53. Ra4 Re2 54. Kf1 Rb2 55. Kg1 Ke5 56. Re4+ Kf5 57. Ra4 Rc2 58. Kf1 Kg6 59.
Kg1 Rb2 60. Kf1 Rh2 61. Kg1 Re2 62. Kf1 Rd2 63. Kg1 Kf5 64. Kf1 Ke5 65. Re4+ Kf5 66. Ra4 Rb2 67. Kg1 1/2-1/2

[Event "Early-Titled-Tuesday-Blitz-April-02-2024"]
[Site "Chess.com"]
[Date "2024.04.02"]
[Round "6"]
[White "IsmaelAmadorGarcia"]
[Black "ATM622"]
[Result "0-1"]
[WhiteElo "2322"]
[BlackElo "2509"]
[TimeControl "180+1"]
[EndTime "9:07:05 PDT"]
[Termination "ATM622 won by resignation"]

1. e4 c6 2. d4 d5 3. exd5 cxd5 4. Bd3 Nc6 5. c3 Nf6 6. Bf4 g6 7. Nd2 Bg7 8. Ngf3 O-O 9. O-O Bf5 10. Ne1 Qd7 11. Ndf3 Bxd3 12. Nxd3 Ne4 13. h3 Rac8 14.
Re1 Na5 15. Nfe5 Qe8 16. f3 Nf6 17. h4 Nc4 18. Nxc4 dxc4 19. Ne5 Nd5 20. Bd2 b5 21. a3 a5 22. Qe2 e6 23. h5 Qd8 24. h6 Bh8 25.
Qf2 Bf6 26. Ng4 Bh8 27. Qg3 Qc7 28. Qh4 Qd8 29. Bg5 f6 30. Bd2 Rc6 31. Qg3 Qd6 32.
Qh4 Nf4 33. Nf2 Nd5 34. Re2 f5 35. Rae1 Bf6 36. Bg5 Qe7 37. Bxf6 Qxf6 38. Qh2 b4 39.
cxb4 axb4 40. a4 c3 41. bxc3 bxc3 42. Nd3 Qxd4+ 43. Nf2 Nf4 44. Re3 c2 45. Qh4 Ne2+ 46. R1xe2 Qxh4 0-1

[Event "Early-Titled-Tuesday-Blitz-April-02-2024"]
[Site "Chess.com"]
[Date "2024.04.02"]
[Round "6"]
[White "DanielSaiz01"]
[Black "tusplingher"]
[Result "1-0"]
[WhiteElo "2276"]
[BlackElo "2488"]
[TimeControl "180+1"]
[EndTime "9:07:05 PDT"]
[Termination "DanielSaiz01 won by checkmate"]

1. d4 Nf6 2. c4 c5 3. d5 b5 4. cxb5 a6 5. Nc3 g6 6. e4 d6 7. bxa6 Bg7 8. Nf3 O-O 9. h3 Bxa6 10. Bxa6 Nxa6 11. O-O Qa5 12. Bd2 Rfb8 13. b3 Qc7 14. a4 Nd7 15. Nb5 Qd8 16. Rb1 Nc7 17. Na3 Rb7 18. Qc2 Rab8 19. Nc4 Na6 20. Na5 Rc7 21. Nc6 Rxc6 22. dxc6 Nb6 23. b4 Qc8 24. b5 Nc7 25. a5 Nba8 26. b6 Na6 27. b7 Qxc6 28. bxa8=Q Rxa8 29. Rb6 Qd7 30. e5 d5 31. e6 fxe6 32. Ng5 e5 33. Nxh7 Kxh7 34. Qxg6+ Kh8 35. Rxa6 Rxa6 36. Qxa6 e4 37. Bf4 Qf5 38. Qa8+ Kh7 39. a6 Qxf4 40.
Qxd5 Be5 41. g3 Qf6 42. Qxe4+ Kg7 43. a7 Qa6 44. a8=Q Qf6 45. Qg4+ Kh6 46. Qe8 Qg5 47. Qxg5+ Kxg5 48. Qxe7+ Kf5 49. Qxc5 Ke4 50. Re1+ Kd3 51. Qxe5 Kd2 52. Qe3+ Kc2 53. Rc1+ Kb2 54. Qc3+ Ka2 55. Ra1# 1-0

[Event "Early-Titled-Tuesday-Blitz-April-02-2024"]
[Site "Chess.com"]
[Date "2024.04.02"]
[Round "6"]
[White "Darkdefense15"]
[Black "ReadySkate"]
[Result "1/2-1/2"]
[WhiteElo "2342"]
[BlackElo "2601"]
[TimeControl "180+1"]
[EndTime "9:07:09 PDT"]
[Termination "Game drawn by agreement"]

1. d4 Nf6 2. Bf4 g6 3. Nc3 d5 4. e3 Bg7 5. h4 O-O 6. Nf3 c5 7.
Nb5 Na6 8. c3 Bf5 9. Be2 Rc8 10.
Nxa7 Ra8 11. Nb5 Ne4 12. Nd2 cxd4 13. exd4 Qb6 14. Nxe4 Bxe4 15. O-O Bf5 16. a4 Bd7 17. Re1 e6 18. h5 Bxb5 19. Bxb5 Nc7 20. Bxc7 Qxc7 21.
hxg6 hxg6 22. Qd3 Qf4 23. g3 Qg5 24. Kg2 Rfc8 25. Qe3 Qxe3 26. Rxe3 Bf8 27. Rh1 Kg7 28. Ree1 Be7 29. Rh3 Bf6 30. Reh1 Kf8 31. Kf3 Ke7 32. Rh7 Ra7 33. Ke2 Rca8 34. Kd3 Ra5 35. f4 R5a7 36. g4 Rg8 37. g5 Bg7 38. Re1 Raa8 39. Kd2 Rac8 40. Ke3 Kd6 41. Kf3 Ke7 42. Bd3 Kd6 43. Bb5 Rc7 44. Rh3 Rcc8 45. Kg4 Rc7 46. Rh7 Re7 47. Rh3 f5+ 48. Kf3 Rf7 49. Rh2 Re7 50.
Rhe2 Rh8 51. Kg3 Rh5 52. Rh2 Rxh2 53. Kxh2 Rf7 54. Kg3 Rf8 55. Rh1 Rg8 56. Rh7 Ke7 57. Kf3 Kf7 58. Rh1 Rd8 59. Ke3 Rd6 60. b4 Rd8 61. a5 Rc8 62. Kd3 Ra8 63. Ra1 Ra7 64.
a6 bxa6 65. Rxa6 Rxa6 66. Bxa6 Bf8 67. Ke3 Bd6 68. Bd3 1/2-1/2

[Event "Early-Titled-Tuesday-Blitz-April-02-2024"]
[Site "Chess.com"]
[Date "2024.04.02"]
[Round "6"]
[White "abelmat"]
[Black "gpsji27"]
[Result "0-1"]
[WhiteElo "2123"]
[BlackElo "2323"]
[TimeControl "180+1"]
[EndTime "9:07:09 PDT"]
[Termination "gpsji27 won by checkmate"]

1. c4 e6 2. Nc3 Nf6 3. Nf3 c5 4. g3 Nc6 5. Bg2 Be7 6. O-O O-O 7. d4 cxd4 8. Nxd4 d5 9. cxd5 exd5 10. h3 Be6 11. Be3 Rc8 12. Rc1 Qd7 13. Kh2 Rfd8 14. a3 h6 15. Qd2 Ne5 16. Rb1 Nc4 17. Qd3 Nxe3 18. Qxe3 Bc5 19. Qd3 a6 20. Rbd1 Ba7 21.
f4 Rc4 22. e3 Bxd4 23. exd4 Bf5 24. Qf3 Ne4 25. Rd3 Nxc3 26. Rxc3 Rxd4 27. Qf2 Rc4 28. Rfc1 Rxc3 29. Rxc3 d4 30. Rc1 d3 31. g4 d2 32. Rd1 Bc2 33. Bf3 Bxd1 34. Bxd1 Qd3 35. Qb6 Re8 36. Qf2 Re1 37. Qc5 Rxd1 38. Qc8+ Kh7 39.
Qf5+ Qxf5 40. gxf5 Re1 41. Kg3 d1=Q 42. Kh4 Qf3 43.
f6 Qxf4+ 44. Kh5 Qg5# 0-1

[Event "Early-Titled-Tuesday-Blitz-April-02-2024"]
[Site "Chess.com"]
[Date "2024.04.02"]
[Round "6"]
[White "Anton_Demchenko"]
[Black "Saxar85"]
[Result "1-0"]
[WhiteElo "2974"]
[BlackElo "2740"]
[TimeControl "180+1"]
[EndTime "9:07:10 PDT"]
[Termination "Anton_Demchenko won on time"]

1. e4 e5 2. Nf3 Nc6 3. Bc4 Bc5 4. d3 Nf6 5. Bg5 h6 6. Bh4 Be7 7. Bg3 d6 8. a4 O-O 9. h3 Be6 10. Bxe6 fxe6 11. c3 Qd7 12. Nbd2 a5 13. O-O Rf7 14.
Qb3 b6 15. Qb5 Raf8 16. Rac1 Nh5 17. Bh2 g5 18. d4 Rg7 19. dxe5 Nf4 20. Bxf4 Rxf4 21.
Nd4 Nxe5 22. Qxd7 Nxd7 23. Nxe6 Nc5 24. Nxf4 gxf4 25. Ra1 Bf6 26. Ra2 Re7 27. f3 Nd3 28. Rd1 Bh4 29. Nb3 Ne5 30. Nd4 Kh7 31. Kf1 Re8 32. Nf5 Bf6 33. b4 Ra8 34. bxa5 Rxa5 35. Rd5 Ra7 36. a5 Nc4 37. a6 Na5 38. Ra3 Rxa6 39.
Nd4 Ra8 40. Nc6 Ra6 41. Nxa5 bxa5 42. Rdxa5 Rc6 43. Rf5 Bxc3 44. Rxf4 Be5 45. Rg4 Rc2 46. f4 Bd4 47. Ke1 1-0

[Event "Early-Titled-Tuesday-Blitz-April-02-2024"]
[Site "Chess.com"]
[Date "2024.04.02"]
[Round "6"]
[White "MaestroCheck"]
[Black "wild3000"]
[Result "1-0"]
[WhiteElo "2536"]
[BlackElo "2363"]
[TimeControl "180+1"]
[EndTime "9:07:11 PDT"]
[Termination "MaestroCheck won by resignation"]

1. e4 e5 2. Nf3 Nc6 3. Bc4 Be7 4. d4 d6 5. O-O Bg4 6. dxe5 Nxe5 7. Be2 Nxf3+ 8.
Bxf3 Bxf3 9. Qxf3 Nf6 10. b3 O-O 11. Bb2 Nd7 12. Nc3 Bf6 13. Rad1 Re8 14. Ba1 h6 15. Rfe1 a6 16. Nd5 Bxa1 17. Rxa1 Nc5 18. Rad1 c6 19. Nc3 Qe7 20. Qg3 Rad8 21. b4 Ne6 22. Rd3 Qg5 23.
Red1 d5 24. exd5 cxd5 25. Nxd5 Qxg3 26. hxg3 Kf8 27. Ne3 Rxd3 28. Rxd3 Rc8 29. Kf1 g6 30. Ke2 h5 31. c4 a5 32. a3 axb4 33. axb4 Ra8 34. Rd7 Ra2+ 35. Ke1 b6 36. Rb7 Ra6 37. b5 Ra1+ 38. Ke2 Ra2+ 39. Kf3 g5 40. Rxb6 g4+ 41. Ke4 Rxf2 42. Rc6 Rb2 43. b6 Kg7 44. Nd5 Rxg2 45.
b7 Re2+ 46. Kd3 Rb2 47. Nb6 Nc5+ 48. Rxc5 Rxb6 49. Rb5 Rd6+ 50. Ke4 Re6+ 51. Kf4 h4 52. b8=Q 1-0

[Event "Early-Titled-Tuesday-Blitz-April-02-2024"]
[Site "Chess.com"]
[Date "2024.04.02"]
[Round "6"]
[White "Kotofeyca"]
[Black "ChempionBg"]
[Result "1-0"]
[WhiteElo "2500"]
[BlackElo "2297"]
[TimeControl "180+1"]
[EndTime "9:07:11 PDT"]
[Termination "Kotofeyca won on time"]

1. d4 Nf6 2. c4 g6 3. f3 Bg7 4. e4 d6 5. Nc3 O-O 6. Be3 Nc6 7. Nge2 a6 8. a3 Rb8 9. b4 e6 10. Qd2 Bd7 11. Rc1 b5 12. cxb5 axb5 13. g3 e5 14. d5 Ne7 15. Bg2 Nh5 16. g4 Nf4 17.
Nxf4 exf4 18. Bxf4 f5 19. exf5 gxf5 20. g5 Ng6 21.
O-O Nxf4 22. Qxf4 Be5 23. Qh4 f4 24. Ne4 Bf5 25. Bh3 Bxe4 26. fxe4 Ra8 27. Bf5 Qe7 28.
Rf3 Bd4+ 29. Kh1 Rxf5 30. exf5 Qe4 31. Qxf4 Qxf4 32. Rxf4 Be3 33. Rff1 Bxc1 34. Rxc1 Rxa3 35. Rxc7 Rd3 36. f6 Rxd5 37. h4 Rd4 38. Rg7+ Kh8 39.
h5 Rh4+ 40. Kg2 Rxh5 41. Kg3 Rh1 42. Rb7 Rg1+ 43. Kf4 Rf1+ 44. Kg4 Rg1+ 45. Kf5 Rf1+ 46. Ke6 Re1+ 47. Kxd6 Kg8 48. Rxb5 1-0

[Event "Early-Titled-Tuesday-Blitz-April-02-2024"]
[Site "Chess.com"]
[Date "2024.04.02"]
[Round "6"]
[White "bazar-wokzal"]
[Black "Zurability"]
[Result "1/2-1/2"]
[WhiteElo "2561"]
[BlackElo "2688"]
[TimeControl "180+1"]
[EndTime "9:07:12 PDT"]
[Termination "Game drawn by repetition"]

1. e4 c5 2. c3 d5 3. exd5 Qxd5 4. d4 Nc6 5. Nf3 Nf6 6. Be3 Bg4 7. dxc5 Qxd1+ 8. Kxd1 O-O-O+ 9. Kc1 e5 10. Bb5 Bxf3 11.
gxf3 Nd5 12. Bxc6 bxc6 13. b4 g6 14. Bd2 Bg7 15. a3 Rhe8 16. Re1 f5 17. Kc2 Rd7 18.
c4 e4 19. Ra2 Nf6 20. Bc3 Rde7 21. fxe4 Rxe4 22. Rxe4 Rxe4 23. Bxf6 Bxf6 24. Kb3 Rh4 25. f3 Rh3 26. b5 Rxf3+ 27. Kb4 Bh4 28. Re2 f4 29. Re8+ Kd7 30. Rh8 Be1+ 31. Ka4 Re3 32. Rxh7+ Kd8 33. Rxa7 f3 34. Rf7 f2 35. b6 Re7 36.
Rf8+ Re8 37. Rxe8+ Kxe8 38. b7 f1=Q 39. b8=Q+ Kf7 40.
Qc7+ Kg8 41. Qd8+ Kh7 42. Qe7+ Kh6 43. Qe3+ Kh7 44. Qe7+ Kh6 45. Qe3+ Kg7 46. Qe7+ Kg8 47. Qe6+ Kh7 48. Qe7+ 1/2-1/2

[Event "Early-Titled-Tuesday-Blitz-April-02-2024"]
[Site "Chess.com"]
[Date "2024.04.02"]
[Round "6"]
[White "noblerone"]
[Black "AniJak"]
[Result "1-0"]
[WhiteElo "2554"]
[BlackElo "2379"]
[TimeControl "180+1"]
[EndTime "9:07:12 PDT"]
[Termination "noblerone won on time"]

1. d4 f5 2. Nf3 Nf6 3. Bf4 g6 4.
e3 Bg7 5. Be2 d6 6. O-O O-O 7. h3 Nc6 8. Bh2 Qe8 9. c4 e5 10.
Nc3 e4 11. Nd2 Bd7 12. c5 dxc5 13. dxc5 Ne5 14. Nc4 Nd3 15. Bxd3 exd3 16. Qxd3 Ne4 17. Nxe4 fxe4 18. Qd5+ Qf7 19. Qxf7+ Rxf7 20. Ne5 Bxe5 21. Bxe5 Bb5 22. Rfd1 Raf8 23. Bg3 Bd3 24. f4 Rd8 25. Be1 Rd5 26. b4 a6 27. Rac1 c6 28. Bc3 Rfd7 29.
Be5 Kf7 30. Kf2 h5 31. g4 hxg4 32. hxg4 Bb5 33. Bd4 Ke6 34. Rh1 Rd8 35. Rh6 Kf7 36. Rh7+ Ke6 37. Rg7 Rf8 38. Rxg6+ Ke7 39. Kg3 Rf7 40.
Rh1 Rd8 41. Rhh6 Rdf8 42. Re6+ Kd7 43. g5 Bc4 44. Rd6+ Kc8 45. a3 Rg8 46. Rdf6 Rd7 47. Kg4 Rd5 48. f5 Be2+ 49. Kf4 Bf3 50. g6 Rd7 51.
Rf7 Rxf7 52. gxf7 Rf8 53. Rh7 Kd7 54. Kg5 1-0

[Event "Early-Titled-Tuesday-Blitz-April-02-2024"]
[Site "Chess.com"]
[Date "2024.04.02"]
[Round "6"]
[White "Tugrik1969"]
[Black "falzehope0"]
[Result "1-0"]
[WhiteElo "2552"]
[BlackElo "2378"]
[TimeControl "180+1"]
[EndTime "9:07:12 PDT"]
[Termination "Tugrik1969 won on time"]

1. d4 e6 2. c4 d5 3. Nf3 c6 4. g3 Bd6 5. Bg2 f5 6. O-O Nf6 7. Nc3 O-O 8. Qc2 Nbd7 9. cxd5 exd5 10. Qxf5 Ne5 11. Qc2 Nxf3+ 12. exf3 Qe8 13. Be3 Qh5 14. Rfe1 Bd7 15. Ne2 g5 16. Qd2 h6 17. h4 gxh4 18. Bxh6 Rf7 19. Bf4 hxg3 20. Nxg3 Bxf4 21. Qxf4 Qh7 22.
Re5 Raf8 23. Rg5+ Kh8 24. Re1 Bh3 25. Bxh3 Qxh3 26. Ree5 Nh7 27. Rgf5 Rxf5 28. Rxf5 Rxf5 29. Nxf5 Nf6 30. Qg5 Ne8 31. Nh6 Ng7 32. Nf7+ Kh7 33.
Ne5 Qh6 34. f4 Qxg5+ 35. fxg5 Nf5 36. f4 Nxd4 37. Kf2 Nc2 38. f5 Nd4 39. f6 Ne6 40. g6+ Kh6 41. Kf3 Ng5+ 42. Kg4 Ne4 43. Kf5 Ng3+ 44.
Ke6 Ne4 45. f7 Kg7 46. Ke7 1-0

[Event "Early-Titled-Tuesday-Blitz-April-02-2024"]
[Site "Chess.com"]
[Date "2024.04.02"]
[Round "6"]
[White "Mariia89"]
[Black "ExchangeAB"]
[Result "0-1"]
[WhiteElo "2273"]
[BlackElo "2468"]
[TimeControl "180+1"]
[EndTime "9:07:13 PDT"]
[Termination "ExchangeAB won on time"]

1. d4 d5 2. c4 c6 3. e3 Nf6 4.
Nc3 g6 5. Nf3 Bg7 6. Be2 O-O 7.
O-O Bg4 8. Ne5 Bxe2 9. Qxe2 e6 10. Bd2 Nfd7 11. Nxd7 Nxd7 12. Rab1 Qe7 13. b4 dxc4 14. Qxc4 e5 15. b5 exd4 16. exd4 Nb6 17. Qc5 Qxc5 18. dxc5 Nc4 19. Ne4 f5 20. Rbc1 cxb5 21. Nd6 Nxd2 22. Rfd1 Ne4 23. Nxb7 Rab8 24. Rd7 Nf6 25. Re7 Nd5 26.
Rd7 Rf7 27. c6 Nb6 28. Rxf7 Kxf7 29. Nd6+ Ke6 30. Nxb5 Be5 31. Nxa7 Ra8 32. Nb5 Rxa2 33. f3 Ra1 34. Rxa1 Bxa1 35. Kf2 f4 36. g3 Be5 37. h4 Kd5 38. gxf4 Bxf4 39. c7 Nc8 40. Nc3+ Kc6 41. Ne2 Bxc7 42. f4 Kd5 43. Kf3 Ke6 44. Kg4 Ne7 45.
Nd4+ Kf6 46. h5 Nf5 47. Nf3 gxh5+ 48. Kxh5 Bxf4 0-1

[Event "Early-Titled-Tuesday-Blitz-April-02-2024"]
[Site "Chess.com"]
[Date "2024.04.02"]
[Round "6"]
[White "Payyappat"]
[Black "Matols"]
[Result "1/2-1/2"]
[WhiteElo "2522"]
[BlackElo "2364"]
[TimeControl "180+1"]
[EndTime "9:07:14 PDT"]
[Termination "Game drawn by repetition"]

1. e4 c6 2. d4 d5 3. Nc3 dxe4 4. Nxe4 Nf6 5. Nxf6+ exf6 6. Bc4 Bd6 7. Qe2+ Qe7 8.
Qxe7+ Kxe7 9. Ne2 Re8 10. Be3 Be6 11. Bd3 Nd7 12. O-O-O a5 13. c4 b5 14. d5 cxd5 15.
cxd5 Bxd5 16. Bxb5 Bxa2 17. Nd4 Rac8+ 18. Kd2 Bb4+ 19.
Ke2 Bc4+ 20. Bxc4 Rxc4 21. Nf5+ Kf8 22. Rxd7 Rc2+ 23. Kf3 Rxb2 24. Rc1 g6 25. Rcc7 gxf5 26. Rxf7+ Kg8 27. Rg7+ Kh8 28. Rxh7+ Kg8 29. Rcg7+ Kf8 30. Bh6 Rb3+ 31. Kf4 Bd2+ 32. Kxf5 Bxh6 33. Rf7+ Kg8 34. Kg6 Bf8 35. h4 Rb5 36. Rxf6 a4 37. h5 a3 38. h6 Ra5 39. Rhf7 Bxh6 40. Kxh6 a2 41. Rg7+ Kh8 42.
Rh7+ Kg8 43. Rg6+ Kf8 44. Rf6+ Kg8 45. Rg6+ Kf8 46. Rf6+ Kg8 1/2-1/2